[Event "XXIV ProAm Copa Clarin 2017"]
[Site "Villa Martelli"]
[Date "2017.10.04"]
[Round "5"]
[White "Pierrot, Facundo"]
[Black "Zamani, Andres"]
[Result "1-0"]
[ECO "B76"]
[WhiteElo "2405"]
[BlackElo "2120"]
[Annotator "NA"]
[PlyCount "91"]
[EventDate "2017.??.??"]
[EventType "swiss"]
[EventCountry "ARG"]
[SourceTitle "playchess.com"]
[Source "ChessBase"]
[SourceQuality "1"]
[TimeControl "5400+30"]

1. e4 c5 2. Nf3 d6 3. d4 cxd4 4. Nxd4 Nf6 5. Nc3 g6 6. Be3 Bg7 7. f3 O-O 8. Qd2 Nc6 9. O-O-O d5 10. exd5 Nxd5 11. Nxc6 bxc6 12. Bd4 Bxd4 13. Qxd4 Qb6 14. Na4 Qc7 15. Bc4 Rd8 16. Kb1 Bf5 17. Qc5 Rac8 18. Bb3 Rd6 19. g4 Be6 20. h4 Rcd8 21. Rde1 Nf4 22. h5 Qd7 23. Nc3 Bxb3 24. axb3 Ne6 25. Qe3 g5 26. h6 Rd4 27. Ne2 Rd2 28. Qc3 f6 29. Qc4 Kf7 30. Qe4 Nf8 31. f4 Qxg4 32. Nd4 e5 33. Nxc6 R8d6 34. Rhg1 Rd1+ 35. Ka2 Rxe1 36. Qxe1 Qxf4 37. Rf1 Qd2 38. Nxe5+ Kg8 39. Qxd2 Rxd2 40. Rxf6 Rxc2 41. Rf7 Ng6 42. Rg7+ Kf8 43. Nd7+ Ke8 44. Nf6+ Kd8 45. Nxh7 Nf4 46. Nxg5 1-0

[Event "XXIV ProAm Copa Clarin 2017"]
[Site "Villa Martelli"]
[Date "2017.10.05"]
[Round "6"]
[White "Sanhueza, Cristian"]
[Black "Anino, Sergio"]
[Result "1-0"]
[ECO "D31"]
[WhiteElo "2263"]
[BlackElo "2132"]
[Annotator "ChessBase"]
[PlyCount "103"]
[EventDate "2017.??.??"]
[EventType "swiss"]
[EventCountry "ARG"]
[SourceTitle "playchess.com"]
[Source "ChessBase"]
[SourceQuality "1"]
[TimeControl "5400+30"]

1. d4 d5 2. c4 e6 3. Nc3 c6 4. e4 dxe4 5. Nxe4 Bb4+ 6. Bd2 Qxd4 7. Bxb4 Qxe4+ 8. Ne2 Na6 9. Bf8 Ne7 10. Bxg7 Rg8 11. Bc3 Bd7 12. Qb1 Nc5 13. Qxe4 Nxe4 14. g3 c5 15. Bg2 Nxc3 16. Nxc3 O-O-O 17. O-O-O Bc6 18. Bxc6 Nxc6 19. Ne4 Ne5 20. Nxc5 Nxc4 21. Ne4 Ne5 22. f4 Nd3+ 23. Kc2 Nb4+ 24. Kb3 Nd5 25. Ng5 Rd7 26. Rd4 h6 27. Ne4 Rgd8 28. Rc1+ Rc7 29. Rcd1 Rcd7 30. R1d2 Kb8 31. Nc3 Nf6 32. Rxd7 Rxd7 33. Rxd7 Nxd7 34. Kc4 a6 35. Kd4 Kc7 36. Ne4 Kc6 37. g4 b6 38. h4 f6 39. Ng3 Kd6 40. b4 Kc6 41. g5 fxg5 42. fxg5 hxg5 43. hxg5 Kd6 44. a4 e5+ 45. Ke4 Ke6 46. Kd3 Kd5 47. g6 e4+ 48. Ke3 Ne5 49. g7 Ng4+ 50. Kf4 Nf6 51. Kf5 Ng8 52. Nxe4 1-0

[Event "XXIV ProAm Copa Clarin 2017"]
[Site "Villa Martelli"]
[Date "2017.10.06"]
[Round "7"]
[White "Llanos, Guillermo"]
[Black "De Dovitiis, Alejo"]
[Result "0-1"]
[ECO "A05"]
[WhiteElo "2305"]
[BlackElo "2338"]
[Annotator "ChessBase"]
[PlyCount "90"]
[EventDate "2017.??.??"]
[EventType "swiss"]
[EventCountry "ARG"]
[SourceTitle "playchess.com"]
[Source "ChessBase"]
[SourceQuality "1"]
[TimeControl "5400+30"]

1. Nf3 Nf6 2. e3 g6 3. b3 Bg7 4. Bb2 O-O 5. Be2 c5 6. c4 b6 7. O-O Bb7 8. d4 cxd4 9. Nxd4 Na6 10. Nc3 Nc5 11. f3 e5 12. Ndb5 d5 13. Nxd5 Bxd5 14. cxd5 Nxd5 15. e4 Nf4 16. Bc4 Qg5 17. Qc2 a6 18. Nc3 b5 19. b4 bxc4 20. bxc5 Rfd8 21. Bc1 Qe7 22. Be3 Rd3 23. Rfe1 Rxe3 24. Rxe3 Qxc5 25. Qf2 Bh6 26. Ree1 Qa5 27. Qc2 Rd8 28. Nd5 Qc5+ 29. Kh1 Nxd5 30. exd5 Rxd5 31. Rad1 Rd4 32. g3 Qd5 33. Kg2 c3 34. Rxd4 exd4 35. a4 Bd2 36. Re8+ Kg7 37. Qd3 Qc5 38. Qc2 d3 39. Qxd3 c2 40. Qd8 c1=Q 41. Rg8+ Kh6 42. Qh4+ Qh5 43. Qe7 Bb4 44. Qxb4 Qc2+ 45. Kg1 Qhxh2+ 0-1